 Dungeon Crawl Stone Soup version 0.30-a0-596-g0af90f9a20 (webtiles) character file.

Game seed: 17176172623311374219

1962 porpoise the Cutter (level 9, -4/47 HPs)
             Began as a Vine Stalker Artificer on Jan 7, 2023.
             Was a Follower of Uskayaw.
             Shot with a sling bullet by Joseph (11 damage)
             ... on level 7 of the Dungeon.
             The game lasted 00:25:40 (5737 turns).

porpoise the Cutter (Vine Stalker Artificer)        Turns: 5737, Time: 00:25:41

Health: -4/47      AC: 10    Str: 16    XL:     9   Next: 19%
Magic:  0/13       EV: 11    Int: 11    God:    Uskayaw [*.....]
Gold:   357        SH:  0    Dex: 18    Spells: 8/8 levels left

rFire   . . .      SeeInvis .    a - +1 dagger (drain)
rCold   . . .      Faith    .    (no shield)
rNeg    . . .      Spirit   +    r - +1 leather armour {Will+}
rPois   .          Reflect  .    s - +0 helmet
rElec   .          Harm     .    f - +0 cloak
rCorr   +          Rampage  .    (no gloves)
Will    ++...                    (no boots)
Stlth   ++                       (no amulet)
HPRegen 1.07/turn                g - +4 ring of protection
MPRegen 0.13/turn                n - ring of resist corrosion

@: no status effects
A: fangs 3, regeneration 1, magic shield, antimagic bite, no potion heal 2
a: Renounce Religion, Stomp


You were on level 7 of the Dungeon.
You worshipped Uskayaw.
Uskayaw was noncommittal.
You visited 2 branches of the dungeon, and saw 8 of its levels.
You also visited: Sewer.

You collected 357 gold pieces.

Inventory:

Hand Weapons
 a - a +1 dagger of draining (weapon)
 b - a +0 sling
 l - a +0 short sword
 u - a +4 quarterstaff of freezing
 w - a +2 war axe of electrocution
 z - a +2 falchion of freezing
 A - a +0 dagger of venom
Missiles
 o - 2 throwing nets
 B - 8 poisoned darts
Armour
 f - a +0 cloak (worn)
 r - a +1 leather armour of willpower (worn)
 s - a +0 helmet (worn)
 F - +0 steam dragon scales
 G - a +0 troll leather armour {Pargi}
 N - a +4 ring mail
Jewellery
 g - a +4 ring of protection (left hand)
 n - a ring of resist corrosion (right hand)
Wands
 c - a wand of flame (14) (quivered)
 d - a wand of charming (11)
 e - a wand of iceblast (4)
 p - a wand of polymorph (11)
 K - a wand of acid (13)
 M - a wand of paralysis (8)
Scrolls
 h - 6 scrolls of identify
 i - a scroll of butterflies {unknown}
 j - 2 scrolls of magic mapping
 k - 4 scrolls of enchant armour
 m - a scroll of fear {unknown}
 q - 2 scrolls of noise
 v - 2 scrolls of teleportation
 x - a scroll of immolation {unknown}
 C - a scroll of poison {unknown}
 E - a scroll of enchant weapon
 H - a scroll of blinking {unknown}
 I - a scroll of fog {unknown}
Potions
 t - 2 potions of curing
 y - 2 potions of flight
 D - a potion of brilliance
 J - a potion of invisibility {unknown}
 L - a potion of might {unknown}


   Skills:
 - Level 5.0 Fighting
 + Level 6.9 Short Blades
 + Level 4.2 Armour
 - Level 0.9 Dodging
 - Level 1.5 Stealth
 + Level 4.5 Invocations
 - Level 2.7 Evocations


You had 8 spell levels left.
You didn't know any spells.
Your spell library contained the following spells:

 Spells                   Type           Power      Damage    Failure   Level
 Apportation              Tloc           0%         N/A       38%         1
 Freeze                   Ice            0%         1d3       38%         1
 Magic Dart               Conj           0%         1d3       38%         1
 Call Imp                 Summ           0%         N/A       54%         2
 Frozen Ramparts          Ice            0%         1d1       77%         3
 Hailstorm                Conj/Ice       0%         3d3       77%         3
 Mephitic Cloud           Conj/Pois/Air  0%         N/A       77%         3
 Alistair's Intoxication  Tmut/Pois      0%         N/A       100%        5


Dungeon Overview and Level Annotations

Branches:
Dungeon (7/15)             Temple (1/1) D:4           Sewer (visited)

Altars:
Ashenzari
Cheibriados
Dithmenos
Gozag
Kikubaaqudgha
Nemelex Xobeh
Okawaru
Qazlal
Ru
Sif Muna
Uskayaw
Wu Jian
Xom
Yredelemnul
The Shining One

Shops:
D:3 ?

Portals:
Abyss: D:3

Annotations:
D:3 2 transporters, Adrian566's ghost, amateur DsGl
D:7 Joseph


Innate Abilities, Weirdness & Mutations

You have razor-sharp teeth.
Your natural rate of healing is unusually fast.
When hurt, damage is shared between your health and your magic reserves.
Your bite disrupts and absorbs the magic of your enemies.
Potions cannot restore your health.


Message History

The steam dragon attacks as you move away!
The steam dragon closely misses you.
The steam dragon claws you but does no damage.
Joseph shoots a sling bullet.
The sling bullet hits you!
The wyvern hisses menacingly.
Joseph unwields a +0 sling.
Joseph wields a +0 quarterstaff.
Joseph hits you with a +0 quarterstaff.
You hit Joseph but do no damage. You drain Joseph.
You bite Joseph, but do no damage.
Joseph is lightly wounded.
The steam dragon bites you but does no damage.
The steam dragon claws you but does no damage.
You barely miss Joseph. You bite Joseph! You drain his power.
You feel invigorated.
Joseph is lightly wounded.
Joseph hits you with a +0 quarterstaff!
The steam dragon attacks as you move away!
The steam dragon completely misses you. The steam dragon claws you.
Joseph barely misses you.
You hit Joseph.
Joseph is lightly wounded.
The steam dragon misses you. The steam dragon closely misses you.
Joseph shouts, "At last, some action!"
Joseph hits you with a +0 quarterstaff!
You barely miss Joseph.
Joseph is lightly wounded.
The steam dragon breathes steam at you. The ball of steam hits you!
* * * LOW HITPOINT WARNING * * *
You hear a shout! x2
The steam dragon attacks as you move away!
The steam dragon bites you but does no damage.
The steam dragon claws you.
* * * LOW HITPOINT WARNING * * *
Joseph attacks as you move away! Joseph hits you but does no damage.
Joseph unwields a +0 quarterstaff.
Joseph wields a +0 sling.
Joseph shoots a sling bullet.
The sling bullet hits you!
* * * LOW HITPOINT WARNING * * *
Found 9 gold pieces.
Joseph shoots a sling bullet.
The sling bullet hits you!
You die...

#. #.. ##§§# #.§.§#
##.§.§.## .....§§.##
##...§.@.## ......§§D@#
####.####l# .... #.##
###### #......
#g.#######....##
#.....?.#.....)........#
$ .._....?...#####.....#
......#...## ##....#
...g..#..## ##...#


You could see Joseph (drained), a steam dragon (catching breath) and a wyvern.

Vanquished Creatures
  Eustachio (D:5)
  A steam dragon (D:6)
  Edmund (D:5)
  3 ice beasts
  Pargi (Sewer)
  2 ogres
  A phantom (D:6)
  A necrophage (D:6)
  2 scorpions (D:5)
  A howler monkey (D:4)
  3 orc priests (D:5)
  A gnoll bouda (D:4)
  4 hounds
  2 iguanas
  6 orc wizards
  9 adders
  7 gnolls
  A shadow imp (D:5)
  5 worms
  A dart slug (D:2)
  21 orcs
  6 bats
  6 endoplasms
  6 giant cockroaches
  7 goblins
  5 hobgoblins
  7 jackals
  9 kobolds
  5 quokkas
  13 ball pythons
  10 frilled lizards
  6 rats
154 creatures vanquished.

Vanquished Creatures (others)
  5 dream sheep (D:6)
  2 gnolls (D:2)
  A rat (D:6)
8 creatures vanquished.

Grand Total: 162 creatures vanquished

Notes
Turn   | Place    | Note
-------+----------+-------------------------------------------
     0 | D:1      | porpoise the Vine Stalker Artificer began the quest for the
                  | Orb.
     0 | D:1      | Reached XP level 1. HP: 9/9 MP: 2/2
    42 | D:1      | Reached skill level 1 in Fighting
   110 | D:1      | Reached XP level 2. HP: 12/14 MP: 3/3
   188 | D:1      | Found a faded altar of an unknown god.
   329 | D:1      | Reached skill level 1 in Short Blades
   551 | D:1      | Reached XP level 3. HP: 8/18 MP: 1/4
  1154 | D:2      | Gained mutation: Your natural rate of healing is unusually
                  | fast. [Vine Stalker growth]
  1154 | D:2      | Reached XP level 4. HP: 23/23 MP: 5/5
  1242 | D:2      | Reached skill level 2 in Short Blades
  2282 | D:3      | Found Baukergh's Magic Scroll Boutique.
  2284 | D:3      | Noticed an ogre
  2291 | D:3      | Killed an ogre
  2292 | D:3      | Reached skill level 3 in Short Blades
  2292 | D:3      | Reached XP level 5. HP: 28/28 MP: 6/6
  2468 | D:3      | Noticed a toenail golem
  2469 | D:3      | Found a transporter.
  2491 | D:3      | Noticed a small abomination
  2679 | D:3      | Found a stormy altar of Qazlal.
  2951 | D:3      | Found a transporter.
  2951 | D:3      | Found a one-way gate to the infinite horrors of the Abyss.
  2951 | D:3      | Noticed Adrian566's ghost (amateur DsGl)
  3035 | D:4      | Reached XP level 6. HP: 33/33 MP: 7/7
  3177 | D:4      | Reached skill level 4 in Short Blades
  3209 | D:4      | Found an iron altar of Okawaru.
  3318 | D:4      | Found a shadowy altar of Dithmenos.
  3327 | D:4      | Reached XP level 7. HP: 35/36 MP: 8/8
  3493 | D:4      | Found a staircase to the Ecumenical Temple.
  3498 | Temple   | Entered the Ecumenical Temple
  3530 | Temple   | Became a worshipper of Uskayaw the Reveller
  3755 | D:5      | Entered Level 5 of the Dungeon
  3755 | D:5      | Noticed Edmund
  3757 | D:5      | Noticed Eustachio
  3763 | D:5      | Reached * piety under Uskayaw
  3777 | D:5      | Reached ** piety under Uskayaw
  3780 | D:5      | Killed Eustachio
  3791 | D:5      | Killed Edmund
  3792 | D:5      | Reached skill level 5 in Fighting
  3792 | D:5      | Reached skill level 5 in Short Blades
  3853 | D:5      | Reached *** piety under Uskayaw
  3855 | D:5      | Reached skill level 1 in Invocations
  3993 | D:5      | Gained mutation: You have razor-sharp teeth. [Vine Stalker
                  | growth]
  3993 | D:5      | Reached XP level 8. HP: 34/43 MP: 6/9
  3996 | D:5      | Reached **** piety under Uskayaw
  4510 | D:6      | Reached skill level 6 in Short Blades
  4577 | D:6      | Found a glowing drain.
  4694 | Sewer    | Entered a sewer
  4745 | Sewer    | Noticed Pargi
  4755 | Sewer    | Killed Pargi
  4930 | D:6      | Noticed a dream sheep
  4930 | D:6      | Noticed a dream sheep
  4930 | D:6      | Noticed a dream sheep
  4930 | D:6      | Noticed a dream sheep
  4930 | D:6      | Noticed a dream sheep
  4930 | D:6      | Found a shimmering altar of Xom.
  4934 | D:6      | Killed a dream sheep
  4934 | D:6      | Killed a dream sheep
  4934 | D:6      | Killed a dream sheep
  4935 | D:6      | Killed a dream sheep
  4935 | D:6      | Killed a dream sheep
  5103 | D:6      | Found an ancient bone altar of Kikubaaqudgha.
  5119 | D:6      | Reached XP level 9. HP: 39/47 MP: 7/12
  5724 | D:7      | Found a basalt altar of Yredelemnul.
  5725 | D:7      | Noticed Joseph
  5737 | D:7      | Shot with a sling bullet by Joseph

Illustrated notes

Levels and vault maps discovered:
D:1:      eino_arrival_tree_alley, layout_loops_ring,
          ebering_ecumenical_altar_abandoned
D:2:      layout_basic
D:3:      layout_loops_ring, amcnicky_altar_gilded,
          gammafunk_ghost_abyssal_escape, serial_shops,
          nicolae_shop_advertising_works [nicolae_subvault_shop_adworks],
          minmay_fountain_box
D:4:      layout_basic, nicolae_dithmenos_shadow_blocks,
          okawaru_ov_weapons_minmay, minmay_temple_entry_nine_rooms
D:5:      layout_loops_ring, wad_floor_pattern_2, uniq_edmund, uniq_eustachio
D:6:      layout_loops_cross, kb_xom_exploding_sheep,
          mainiacjoe_overflow_alcove_4, portal_sewer_entry_a
D:7:      layout_layer_cave, old_standard_altar, serial_shops, shop, uniq_joseph
Temple:   nicolae_temple_godzebo

Skill      XL: |  1  2  3  4  5  6  7  8  9 |
---------------+----------------------------+-----
Fighting       | 1 2 3 4 5 |  5.0
Short Blades   | 1 3 4 5 6 |  6.9
Armour         | 2 3 4 |  4.2
Invocations    | 1 3 4 |  4.5
Dodging        | |  0.9
Stealth        | |  1.5
Evocations     | |  2.7

Action                   |  1- 3 |  4- 6 |  7- 9 || total
-------------------------+-------+-------+-------++-------
Melee: Club              |    20 |       |       ||    20
       Bite              |    25 |    38 |    81 ||   144
       Short sword       |    95 |    15 |       ||   110
       Punch             |     1 |     3 |     5 ||     9
       War axe           |       |    91 |    70 ||   161
       Quarterstaff      |       |     6 |       ||     6
       Dagger            |       |    27 |   164 ||   191
 Fire: Sling             |       |    19 |     4 ||    23
Evoke: Wand              |     5 |     1 |       ||     6
  Use: Scroll            |       |     7 |     6 ||    13
       Potion            |       |       |     1 ||     1
 Stab: Sleeping          |     3 |     4 |     1 ||     8
       Paralysed         |       |       |     5 ||     5
Armor: Leather armour    |    40 |    42 |   108 ||   190
Dodge: Dodged            |    59 |    99 |   119 ||   277

Table legend: (Time is in decaauts)
 A = Elapsed time spent in this place.
 B = Non-inter-level travel time spent in this place.
 C = Inter-level travel time spent in this place.
 D = Time resting spent in this place.
 E = Time spent auto-exploring this place.
 F = Levels seen in this place.
 G = Mean time per level.
                   A        B        C        D        E       F      G
               +--------+--------+--------+--------+--------+-----+--------+
         Total |   5790 |   5618 |    172 |    574 |   3334 |   9 |  643.3 |
       Dungeon |   5538 |   5391 |    147 |    574 |   3313 |   7 |  791.1 |
        Temple |     57 |     32 |     25 |      0 |     21 |   1 |   57.0 |
         Sewer |    194 |    194 |      0 |      0 |      0 |   1 |  194.0 |
               +--------+--------+--------+--------+--------+-----+--------+

Top non-repeatable levels by time:
     D:2: 1199 daAuts
     D:1: 1014 daAuts
     D:6: 920 daAuts
     D:3: 840 daAuts
     D:5: 716 daAuts
     D:4: 678 daAuts
   Sewer: 194 daAuts
     D:7: 168 daAuts
  Temple: 57 daAuts
